 Dungeon Crawl Stone Soup version 0.31-a0-664-g902f515a81 (webtiles) character file.

Game seed: 3384513965835439893

82 avis the Changeling (level 4, -4/19 HPs)
             Began as a Felid Shapeshifter on Sept 2, 2023.
             Slain by a gnoll
             ... wielding a +0 spear
              (5 damage)
             ... on level 2 of the Dungeon.
             The game lasted 00:05:48 (1628 turns).

avis the Changeling (Felid Shapeshifter)            Turns: 1628, Time: 00:05:48

Health: -4/19      AC:  1    Str: 12    XL:     4   Next: 21%
Magic:  5/5        EV: 18    Int: 11    God:
Gold:   70         SH:  0    Dex: 15    Spells: 3/3 levels left
                                        Lives:  0   Deaths: 2

rFire   . .          .
                       - Unarmed
rCold   . . .        (shield unavailable)
rNeg    . . .        (body armour unavailable)
rPois   .            (helmet unavailable)
rElec   .            (cloak unavailable)
rCorr   .            (gloves unavailable)
SInv    +            (boots unavailable)
Will    .....        (no amulet)
Stlth   ++           (no ring)
HPRegen 0.23/turn    (no ring)
MPRegen 0.09/turn

%: no passive effects
@: beast-form, quick
A: beast (slay +2), very small, claws 1, fangs 3, see invisible, speed 1, shaggy
fur 1, stealthy paws, no weapons or thrown items, no armour, multi-lived
a: Begin Untransformation


You were on level 2 of the Dungeon.
You were a hulking beast.
You visited 1 branch of the dungeon, and saw 3 of its levels.

You collected 70 gold pieces.

Inventory:

Talismans
 b - a beast talisman (active)
 c - a flux talisman
Scrolls
 f - a scroll of vulnerability {unknown}
 g - a scroll of amnesia {unknown}
 h - a scroll of fear {unknown}
Potions
 a - 2 potions of lignification
 d - a potion of cancellation {unknown}
 e - a potion of ambrosia {unknown}


   Skills:
 + Level 1.9 Fighting
 + Level 3.5 Dodging
 + Level 2.2 Stealth
 + Level 3.5 Unarmed Combat
 + Level 3.8 Shapeshifting


You had 3 spell levels left.
You didn't know any spells.
Your spell library contained the following spells:

 Spells                   Type           Power      Damage    Failure   Level
 Sandblast                Erth           0%         2d4       34%         1
 Passwall                 Tmut/Erth      0%         N/A       47%         2
 Static Discharge         Conj/Air       0%         2-2/arc   47%         2
 Stone Arrow              Conj/Erth      0%         3d7       71%         3
 Airstrike                Air            0%         2d(0-16)  98%         4
 Summon Lightning Spire   Summ/Air       0%         N/A       98%         4


Dungeon Overview and Level Annotations

Branches:
Dungeon (3/15)

Altars:


Innate Abilities, Weirdness & Mutations

You are a hulking beast.
Your limbs bulge with bestial killing power. (Slay +2)
You have sharp claws.
You have razor-sharp teeth.
You have supernaturally acute eyesight. (SInv)
You cover ground quickly. (Speed+)
You are covered in fur. (AC +1)
Your paws help you pounce on unaware monsters.
You are incapable of wielding weapons or throwing items.
You cannot wear armour.
You gain extra lives every three experience levels.


Message History

The gnoll misses you. The gnoll completely misses you. The gnoll misses you.
You scratch the gnoll but do no damage.
The gnoll is almost dead.
The gnoll closely misses you. The gnoll hits you with a +0 spear.
* * * LOW HITPOINT WARNING * * *
The gnoll hits you with a +0 halberd!
You die...
Your shape twists and changes as you die.
You rejoin the land of the living...
Unknown command.
Done exploring.
There is a stone staircase leading down here.
There is a stone staircase leading down here.
You climb downwards.
There is a stone staircase leading up here.
The helpless endoplasm fails to defend itself.
You mangle the endoplasm!!
You kill the endoplasm!
There is a stone staircase leading up here.
You climb upwards.
There is a stone staircase leading down here.
A gnoll is nearby!
The gnoll shouts! x2; You hear a shout!
The gnoll misses you.
You scratch the gnoll but do no damage. Your bite misses the gnoll.
The gnoll is heavily wounded.
The gnoll closely misses you.
You scratch the gnoll.
The gnoll is severely wounded.
The gnoll misses you.
You scratch the gnoll.
The gnoll is severely wounded.
The gnoll hits you with a +0 spear!
Ouch! That really hurt!
The gnoll hits you from afar with a +0 spear!
* * * LOW HITPOINT WARNING * * *
You scratch the gnoll.
You kill the gnoll!
The gnoll hits you from afar with a +0 spear.
You die...

#####..........##.# #.####)# ##.#
......#.###.......# #.####.###.##
.###..#........#### #.##......###
.# #........##.## #.##.#.###.##
## #.########...# #.#......##.#
##.# #...# #........###. #..#
#...#####.#.#.#..# ## #.##
#...).g..........# ## #.#
######...h####.#.#.#..# #.
##.####..........g..........###.
##..........>......†..#.#.#......
....####....................####.
......#####.......###..........#.
##.##.# #.#..........#######.##
##.##.# #.#...#.###....<#.....#
...##.# ###.#...#.# #.#...#..###.
#####.# #.....#.#.###.....#.## ##


You could see 2 gnolls.

Vanquished Creatures
  A gnoll (D:2)
  3 adders (D:2)
  A worm (D:2)
  3 dart slugs
  2 endoplasms
  A giant cockroach (D:1)
  6 goblins
  5 hobgoblins
  6 jackals (D:1)
  5 quokkas
  2 ball pythons (D:2)
  2 bats (D:1)
  3 frilled lizards (D:2)
  3 kobolds (D:2)
43 creatures vanquished.

Notes
Turn   | Place    | Note
-------+----------+-------------------------------------------
     0 | D:1      | avis the Felid Shapeshifter began the quest for the Orb.
     0 | D:1      | Reached XP level 1. HP: 9/9 MP: 2/2
     0 | D:1      | Upgraded the game from 0.31-a0-662-g684573625c to
                  | 0.31-a0-664-g902f515a81
   116 | D:1      | Reached XP level 2. HP: 12/12 MP: 3/3
   204 | D:1      | Reached skill level 1 in Stealth
   413 | D:1      | Found a faded altar of an unknown god.
   650 | D:2      | Reached XP level 3. HP: 15/15 MP: 4/4
   973 | D:2      | Slain by a gnoll
  1019 | D:2      | Reached XP level 4. HP: 7/19 MP: 5/5
  1544 | D:2      | Mangled by a gnoll
  1628 | D:2      | Slain by a gnoll

Illustrated notes

Levels and vault maps discovered:
D:1:      giann_bridges, layout_basic, hellmonk_ecumenical_altar_inner_sanctum
D:2:      layout_loops_cross, serial_glass, glass_columns_c, glass_columns_b,
          nicolae_concentric_dashed_squares_wild, columned_hall_lemuel
D:3:      minmay_chambers_of_threes, layout_loops_ring, serial_shops, shop,
          uniq_ijyb

Skill      XL: |  1  2  3 |
---------------+----------+-----
Dodging        | 3 |  3.5
Stealth        | 1 2 |  2.2
Fighting       | |  1.9
Unarmed Combat | |  3.5
Shapeshifting  | |  3.8

Action                     |  1- 3 |  4- 6 || total
---------------------------+-------+-------++-------
  Melee: Unarmed           |    76 |    23 ||    99
         Bite              |    11 |     3 ||    14
         Punch             |     2 |       ||     2
   Stab: Sleeping          |     2 |     2 ||     4
 Armour: Skin              |    19 |    10 ||    29
  Dodge: Dodged            |    52 |    22 ||    74

Table legend: (Time is in decaauts)
 A = Elapsed time spent in this place.
 B = Non-inter-level travel time spent in this place.
 C = Inter-level travel time spent in this place.
 D = Time resting spent in this place.
 E = Time spent auto-exploring this place.
 F = Levels seen in this place.
 G = Mean time per level.
                   A        B        C        D        E       F      G
               +--------+--------+--------+--------+--------+-----+--------+
         Total |   1348 |   1195 |    153 |     12 |    884 |   3 |  449.3 |
       Dungeon |   1348 |   1195 |    153 |     12 |    884 |   3 |  449.3 |
               +--------+--------+--------+--------+--------+-----+--------+

Top non-repeatable levels by time:
     D:2: 795 daAuts
     D:1: 540 daAuts
     D:3: 12 daAuts
